AoeStats
← Lyon28

Oasis

509991776Analyzed
4v4 RM · 2d ago on Sep 28, 2026· 22m 49s· 8 players
Game mode
Random Map
Map size
Large (8 player)
Population
200
Speed
Normal
Resources
Standard
Victory
Conquest
Starting age
Dark Age
Ending age
Imperial Age
RankedLock teamsTeams togetherTeam positionsShared explorationLock speedFull tech treeHidden civsTurbo modeCheats
Victory
Defeat
🇦🇷 Mongols · Argentina
1413
+12
🇦🇷 Tupi · Argentina
1301
+16
🇦🇷 Ethiopians · Argentina
1260
+18
🇦🇷 Varangians · Argentina
1232
+19
🇨🇴 Tatars · Colombia
1392
-19
🇦🇷 Persians · Argentina
1347
-18
🇲🇽 Franks · Mexico
1294
-16
🇨🇴 Saracens · Colombia
1203
-12
pipegarcial
5:12 Loom
14:10 Feudal Age
16:48 Feudal Age
SIN CLAN
8:22 Loom
11:21 Feudal Age
12:29 Double-Bit Axe
14:09 Fletching
20:04 Padded Archer Armor
Seritzia
6:24 Loom
7:19 Loom
9:42 Feudal Age
10:26 Double-Bit Axe
16:36 Forging
18:35 Scale Barding Armor
19:33 Bloodlines
20:50 Loom
Owen Guillermo Crippa
11:41 Feudal Age
15:26 Castle Age
13:16 Double-Bit Axe
17:09 Wheelbarrow
19:26 Loom
21:27 Scale Barding Armor
LordofSun
6:43 Loom
10:23 Feudal Age
12:58 Fletching
15:42 Double-Bit Axe
16:57 Padded Archer Armor
23:50 Castle Age
22:52 Horse Collar
23:05 Gold Mining
felixaleman1010
6:31 Loom
9:11 Feudal Age
9:50 Double-Bit Axe
9:51 Horse Collar
17:49 Scale Barding Armor
17:58 Forging
18:29 Bloodlines
24:30 Castle Age
Lyon28
9:07 Loom
11:23 Feudal Age
15:56 Castle Age
14:54 Double-Bit Axe
14:52 Horse Collar
16:05 Stone Mining
17:54 Wheelbarrow
22:49 Bow Saw
RoseJaguar3606
10:11 Loom
12:31 Feudal Age
13:45 Double-Bit Axe
16:16 Fletching
21:33 Padded Archer Armor
23:57 Wheelbarrow
Connection lost

Rejoining the realm…

Still unreachable

The connection could not be restored.

Session expired

The server has moved on; the page needs a fresh start.